 Dungeon Crawl Stone Soup version 0.29-a0-9-g022ca4c890 (webtiles) character file.

Game seed: 17330095855113787298

5871 Grim the Carver (level 10, -8/91 HPs)
             Began as a Minotaur Fighter on Jan 28, 2022.
             Was an Elder of Zin.
             Mangled by a seven-headed hydra (10 damage)
             ... on level 8 of the Dungeon.
             The game lasted 00:20:32 (10486 turns).

Grim the Carver (Minotaur Fighter)                 Turns: 10486, Time: 00:20:33

Health: -8/91      AC: 13    Str: 25    XL:     10   Next: 52%
Magic:  15/15      EV:  7    Int: 12    God:    Zin [****..]
Gold:   461        SH:  4    Dex: 10    Spells: 9/9 levels left

rFire   . . .      SeeInvis .   Q - +3 scimitar (flame)
rCold   . . .      Faith    .   c - +0 buckler
rNeg    . . .      Spirit   .   z - +0 chain mail
rPois   ∞          Reflect  .   (helmet restricted)
rElec   .          Harm     .   (no cloak)
rCorr   +          Rampage  +   f - +0 pair of gloves
Will    .....                   o - +2 pair of boots {rampage}
Stlth   ..........              (no amulet)
HPRegen 0.25/turn               A - ring of resist corrosion
MPRegen 0.14/turn               (no ring)

@: mighty, vitalised
A: horns 2, retaliatory headbutt, clumsy 1
a: Renounce Religion, Recite, Vitalisation, Imprison, Donate Gold


You were on level 8 of the Dungeon.
You worshipped Zin.
Zin was greatly pleased with you.
You visited 2 branches of the dungeon, and saw 9 of its levels.
You also visited: Sewer.

You collected 512 gold pieces.
You donated 51 gold pieces to Zin.

Inventory:

Hand Weapons
 a - a +0 long sword
 K - a +5 scimitar
 L - a +5 scimitar of freezing
 Q - a +3 scimitar of flaming (weapon)
Missiles
 i - 4 javelins (quivered)
 n - 6 curare-tipped darts
 s - 121 stones
 E - 38 poisoned darts
 M - 3 silver boomerangs
Armour
 c - a +0 buckler (worn)
 f - a +0 pair of gloves (worn)
 o - a +2 pair of boots of rampaging (worn)
 v - a +0 pair of boots
 z - a +0 chain mail (worn)
 D - +0 shadow dragon scales
 P - a +0 kite shield
Jewellery
 A - a ring of resist corrosion (left hand)
 C - a ring of wizardry
Wands
 k - a wand of polymorph (10)
 r - a wand of flame (56)
 w - a wand of digging (4)
 J - a wand of paralysis (5)
Scrolls
 e - a scroll of magic mapping {unknown}
 g - 2 scrolls of fog
 p - 3 scrolls of teleportation
 q - a scroll of vulnerability {unknown}
 t - a scroll of immolation {unknown}
 y - 3 scrolls of identify {unknown}
 F - a scroll of blinking {unknown}
 H - a scroll of brand weapon {unknown}
 I - 2 scrolls of torment {unknown}
 N - a scroll of enchant weapon {unknown}
 O - a scroll of summoning {unknown}
 R - a scroll of silence {unknown}
 S - a scroll of amnesia {unknown}
 T - a scroll of noise {unknown}
Potions
 b - 2 potions of magic
 d - 2 potions of might
 h - a potion of heal wounds {unknown}
 j - 4 potions of attraction
 l - a potion of lignification {unknown}
 m - a potion of flight {unknown}
 u - 2 potions of curing
 x - a potion of mutation {!q}
 B - 2 potions of ambrosia {unknown}
 G - a potion of experience {unknown}


   Skills:
 * Level 9.2 Fighting
 - Level 14.0 Long Blades
 - Level 3.6 Armour
 - Level 3.6 Shields
 + Level 8.0 Invocations


You had 9 spell levels left.
You didn't know any spells.
Your spell library contained the following spells:

 Spells                   Type           Power      Damage    Failure   Level
 Animate Skeleton         Necr           0%         N/A       96%         1
 Apportation              Tloc           0%         N/A       96%         1
 Foxfire                  Conj/Fire      0%         2x1d4     96%         1
 Summon Small Mammal      Summ           0%         N/A       96%         1
 Conjure Flame            Conj/Fire      0%         6-21      100%        3
 Inner Flame              Hex/Fire       0%         N/A       100%        3
 Flame Wave               Conj/Fire      0%         2d4       100%        4
 Summon Lightning Spire   Summ/Air       0%         N/A       100%        4
 Storm Form               Tmut/Air       0%         N/A       100%        7
 Maxwell's Capacitive Co  Air            0%         ∞         100%        8


Dungeon Overview and Level Annotations

Branches:
Dungeon (8/15)             Temple (1/1) D:4            Lair (0/6) D:8
  Sewer (visited)

Altars:
Ashenzari
Cheibriados
Dithmenos
Elyvilon
Fedhas
Gozag
Hepliaklqana
Kikubaaqudgha
Makhleb
Nemelex Xobeh
Okawaru
Qazlal
Ru
Sif Muna
Trog
Uskayaw
Vehumet
Wu Jian
Xom
Yredelemnul
Zin
The Shining One

Shops:
D:2 (   D:3 (?!=*

Annotations:
D:4 3 runed translucent doors, Crazy Yiuf; bgiannan's ghost, novice MiFi


Innate Abilities, Weirdness & Mutations

You have a pair of horns on your head.
You reflexively headbutt those who attack you in melee.
You are clumsy. (Dex -2)


Message History

You lop one of the eight-headed hydra's heads off!
The flame cauterises the wound!
You slash the seven-headed hydra! You burn the seven-headed hydra.
The seven-headed hydra is lightly wounded.
The seven-headed hydra bites you.
* * * LOW HITPOINT WARNING * * *
The seven-headed hydra bites you.
* * * LOW HITPOINT WARNING * * *
The seven-headed hydra bites you.
* * * LOW HITPOINT WARNING * * *
The seven-headed hydra bites you but does no damage.
The seven-headed hydra barely misses you.
The seven-headed hydra bites you but does no damage.
The seven-headed hydra barely misses you.
Okay, then.
Okay, then.
Aiming: Imprison (1% risk of failure)
Press: ? - help, Dir - move target, f - seven-headed hydra
Aim: a seven-headed hydra (lightly wounded)
You need more space to imprison the seven-headed hydra.
You are ready to recite again.
The seven-headed hydra completely misses you.
The seven-headed hydra bites you but does no damage.
The seven-headed hydra bites you.
* * * LOW HITPOINT WARNING * * *
The seven-headed hydra closely misses you.
You block the seven-headed hydra's attack.
The seven-headed hydra bites you but does no damage.
The seven-headed hydra bites you!
* * * LOW HITPOINT WARNING * * *
It was a potion of mutation.
You feel extremely strange. Zin protects your body from mutation!
You feel clumsy.
Zin forgives your inadvertent chaotic act, just this once.
The seven-headed hydra bites you but does no damage.
The seven-headed hydra barely misses you.
The seven-headed hydra bites you but does no damage. x2
You block the seven-headed hydra's attack.
The seven-headed hydra bites you!
You die...

#...###.###..[[.(.....###.
###..)))....#..####.......
####.()..[...# #.......
##).....[#####.......
##..)...###.#.......
###.............###.
###......>.###....###.
#.....D.....###....###
#....@......#.........
###..##....##......... #.#
########......## ##
##......# #......#
##...... #.....## #.....#
##..###


You could see a seven-headed hydra.

Vanquished Creatures
  A two-headed ogre (D:8)
  A cyclops (D:8)
  2 efreet (D:8)
  A slime creature (D:7)
  Sigmund (D:3)
  A shadow (D:8)
  A spriggan (shapeshifter) (D:8)
  2 wyverns (D:8)
  A steam dragon (D:5)
  2 vampire mosquitoes (D:8)
  2 acid dragons (D:8)
  3 water moccasins
  2 ice beasts
  A sky beast (D:6)
  A black bear (D:4)
  An ogre (D:5)
  2 necrophages
  3 centaurs
  6 kobold brigands
  A bullfrog (D:7)
  A wyvern zombie (D:6)
  3 scorpions
  5 wights (D:8)
  2 howler monkeys
  2 centaur zombies
  3 jellies
  A bullfrog zombie (D:5)
  2 hounds
  A bullfrog skeleton (D:5)
  2 iguanas (D:5)
  5 orc wizards
  A killer bee zombie (D:8)
  2 hound skeletons
  Robin (D:3)
  2 howler monkey skeletons
  7 adders
  4 gnolls (D:2)
  2 river rats
  A shadow imp (D:7)
  2 ufetubi
  4 worms
  2 dart slugs (D:4)
  11 orcs
  10 ball pythons
  4 bats
  8 endoplasms
  4 giant cockroaches
  7 hobgoblins
  9 jackals
  20 kobolds
  4 quokkas
  A frilled lizard (D:2)
  17 goblins
  A quokka skeleton (D:4)
  10 rats
196 creatures vanquished.

Vanquished Creatures (others)
  A centaur zombie (D:8)
  A howler monkey zombie (D:8)
  7 plants
9 creatures vanquished.

Grand Total: 205 creatures vanquished

Notes
Turn   | Place    | Note
-------+----------+-------------------------------------------
     0 | D:1      | Grim the Minotaur Fighter began the quest for the Orb.
     0 | D:1      | Reached XP level 1. HP: 19/19 MP: 0/0
    37 | D:1      | Reached skill level 3 in Long Blades
   172 | D:1      | Reached XP level 2. HP: 26/26 MP: 1/1
   291 | D:1      | Reached skill level 4 in Long Blades
   355 | D:1      | Reached XP level 3. HP: 26/31 MP: 2/2
   894 | D:2      | Reached skill level 5 in Long Blades
  1045 | D:2      | Reached XP level 4. HP: 19/39 MP: 3/3
  1295 | D:2      | Found Ixzuneuqu's Antique Weapon Shop.
  1814 | D:3      | Found Mauwamm's Distillery.
  1831 | D:3      | Found a shadowy altar of Dithmenos.
  1916 | D:3      | Found Ulaos's General Store.
  2080 | D:3      | Noticed a centaur
  2082 | D:3      | Killed a centaur
  2083 | D:3      | Reached skill level 6 in Long Blades
  2083 | D:3      | Reached XP level 5. HP: 44/45 MP: 4/4
  2147 | D:3      | Noticed Robin
  2159 | D:3      | Reached skill level 7 in Long Blades
  2166 | D:3      | Killed Robin
  2552 | D:3      | Found Owogilic's Jewellery Shop.
  2620 | D:3      | Found Enanorae's Magic Scroll Shoppe.
  2660 | D:3      | Found Sienewn's Weapon Emporium.
  2665 | D:3      | Noticed Sigmund
  2675 | D:3      | Killed Sigmund
  2676 | D:3      | Reached skill level 8 in Long Blades
  2676 | D:3      | Reached XP level 6. HP: 48/51 MP: 5/5
  2875 | D:3      | Found a faded altar of an unknown god.
  2891 | D:3      | Found a faded altar of an unknown god.
  2972 | D:4      | Reached skill level 9 in Long Blades
  3047 | D:4      | Found a staircase to the Ecumenical Temple.
  3066 | Temple   | Entered the Ecumenical Temple
  3290 | Temple   | Became a worshipper of Zin the Law-Giver
  3290 | Temple   | Reached * piety under Zin
  3667 | D:4      | Reached XP level 7. HP: 51/57 MP: 6/6
  3838 | D:4      | Found a large runed translucent door.
  3839 | D:4      | Found a large runed translucent door.
  3840 | D:4      | Noticed bgiannan's ghost (novice MiFi)
  4092 | D:4      | Found a runed translucent door.
  4093 | D:4      | Noticed Crazy Yiuf
  4314 | D:5      | Entered Level 5 of the Dungeon
  4356 | D:5      | Noticed a steam dragon
  4708 | D:5      | Reached skill level 1 in Invocations
  4751 | D:5      | Reached skill level 10 in Long Blades
  5053 | D:5      | Reached XP level 8. HP: 19/64 MP: 8/8
  5055 | D:5      | Zin protects you from harm!
  5064 | D:5      | Reached skill level 11 in Long Blades
  5428 | D:5      | Found a bloodstained altar of Trog.
  5634 | D:5      | Reached ** piety under Zin
  6012 | D:6      | Reached skill level 12 in Long Blades
  6324 | D:6      | Found a broken altar of Ashenzari.
  6400 | D:6      | Found a glowing drain.
  6409 | Sewer    | Entered a sewer
  6543 | Sewer    | Reached XP level 9. HP: 68/70 MP: 11/11
  6710 | Sewer    | Reached skill level 5 in Invocations
  7167 | D:7      | Reached skill level 13 in Long Blades
  7205 | D:7      | Reached *** piety under Zin
  7615 | D:7      | Found a radiant altar of Vehumet.
  7907 | D:8      | Found a burning altar of Makhleb.
  7908 | D:8      | Found an opulent altar of Gozag.
  7927 | D:8      | Found a white marble altar of Elyvilon.
  8141 | D:8      | Found a glowing golden altar of the Shining One.
  8156 | D:8      | Noticed a cyclops
  8156 | D:8      | Noticed an eight-headed hydra
  8156 | D:8      | Noticed an efreet
  8337 | D:8      | Reached **** piety under Zin
  8371 | D:8      | Reached skill level 14 in Long Blades
  8376 | D:8      | Found a snail-covered altar of Cheibriados.
  8424 | D:8      | Noticed an efreet
  8433 | D:8      | Killed an efreet
  8434 | D:8      | Reached skill level 5 in Fighting
  9023 | D:8      | Reached XP level 10. HP: 84/84 MP: 14/14
  9597 | D:8      | Noticed a two-headed ogre
  9603 | D:8      | Killed a two-headed ogre
  9889 | D:8      | Found a staircase to the Lair.
 10051 | D:8      | Found a sparkling altar of Nemelex Xobeh.
 10476 | D:8      | Killed a cyclops
 10485 | D:8      | HP: 2/91 [seven-headed hydra (7)]
 10486 | D:8      | Gained mutation: You are clumsy. (Dex -2) [potion of
                  | mutation]
 10486 | D:8      | Mangled by a seven-headed hydra

Illustrated notes

Levels and vault maps discovered:
D:1:      lemuel_arrival_broad_hall, layout_rooms, minmay_tromino_v4_c
D:2:      layout_basic, serial_shops, nicolae_shop_overgrown_old_shop,
          chequers_jeans, minmay_misc_feat_x, nicolae_grassy_gnolls
D:3:      layout_loops_ring, lemuel_doored_altar,
          hellmonk_ecumenical_altar_the_god_not_taken, serial_shops,
          nicolae_shop_hallway_plus, shop, shop, shop,
          nicolae_shop_hallway_stairs, uniq_sigmund, uniq_robin
D:4:      minmay_general_purpose_star, layout_basic, minmay_temple_entry_mist,
          ebering_ghost_disaster_area, grunt_decor_arrowhead,
          saegor_snake_ambush, uniq_crazy_yiuf_cottage
D:5:      kennysheep_six_static_rooms, layout_basic,
          mainiacjoe_overflow_alcove_2, st_stairs_2
D:6:      layout_basic, nicolae_overflow_hidden_temple, portal_sewer_entry_e
D:7:      layout_loops_ring, nicolae_overflow_crystal_walls
D:8:      minmay_the_grid_octo_tiled_octocenter [minmay_the_grid_octo_toaster,
          minmay_the_grid_octo_shrine, minmay_the_grid_octo_fat_diamond,
          minmay_the_grid_octo_pinwheel,
          minmay_the_grid_octo_prize_square_snowflake,
          minmay_the_grid_square_5x5_bite, minmay_the_grid_square_5x5_detours,
          minmay_the_grid_square_5x5_tie, minmay_the_grid_square_5x5_one_wall],
          layout_cave_pools, mainiacjoe_overflow_boulevard,
          nemelex_spade_bored_becter, lair_entry_dummy, minmay_small_thing
Temple:   eino_temple_scatter_basement

Skill      XL: |  1  2  3  4  5  6  7  8  9 10 |
---------------+-------------------------------+-----
Long Blades    | 3 4 5 6 8 9 10 12 14 | 14.0
Invocations    | 2 4 6 8 |  8.0
Fighting       | 6 9 |  9.2
Armour         | |  3.6
Shields        | |  3.6

Action                   |  1- 3 |  4- 6 |  7- 9 | 10-12 || total
-------------------------+-------+-------+-------+-------++-------
Melee: Long sword        |    75 |   104 |   284 |       ||   463
       Headbutt          |     5 |    18 |    51 |    11 ||    85
       Scimitar          |       |       |    41 |    64 ||   105
Throw: Javelin           |       |       |     1 |       ||     1
Invok: Vitalisation      |       |       |     3 |     2 ||     5
       Recite            |       |       |     3 |     3 ||     6
  Use: Potion            |       |     1 |     3 |     4 ||     8
       Scroll            |       |       |     4 |     1 ||     5
 Stab: Distracted        |       |       |       |     1 ||     1
Armor: Scale mail        |    36 |    27 |       |       ||    63
       Chain mail        |       |    13 |   137 |    30 ||   180
Dodge: Dodged            |    34 |    36 |    95 |    15 ||   180
Block: Buckler           |    16 |    11 |    46 |    10 ||    83

Table legend: (Time is in decaauts)
 A = Elapsed time spent in this place.
 B = Non-inter-level travel time spent in this place.
 C = Inter-level travel time spent in this place.
 D = Time resting spent in this place.
 E = Time spent auto-exploring this place.
 F = Levels seen in this place.
 G = Mean time per level.
                   A        B        C        D        E       F      G
               +--------+--------+--------+--------+--------+-----+--------+
         Total |  10524 |  10252 |    272 |   2812 |   5634 |  10 | 1052.4 |
       Dungeon |   9841 |   9579 |    262 |   2812 |   5189 |   8 | 1230.1 |
        Temple |    234 |    224 |     10 |      0 |    174 |   1 |  234.0 |
         Sewer |    448 |    448 |      0 |      0 |    270 |   1 |  448.0 |
               +--------+--------+--------+--------+--------+-----+--------+

Top non-repeatable levels by time:
     D:8: 2047 daAuts
     D:4: 1455 daAuts
     D:5: 1354 daAuts
     D:7: 1251 daAuts
     D:2: 1199 daAuts
     D:3: 1151 daAuts
     D:6: 749 daAuts
     D:1: 631 daAuts
   Sewer: 448 daAuts
  Temple: 234 daAuts
